 Dungeon Crawl Stone Soup version 0.31-a0-202-g547052bce9 (webtiles) character file.

Game seed: 4093634950383227391

9027 qw the Markself (level 11, 0/62 HPs)
             Began as a Deep Elf Hunter on June 26, 2023.
             Was an Elder of Okawaru.
             Slain by a polar bear (4 damage)
             ... on level 11 of the Dungeon.
             The game lasted 00:03:21 (8426 turns).

qw the Markself (Deep Elf Hunter)                   Turns: 8426, Time: 00:03:21

Health: 0/62       AC: 13    Str: 12    XL:     11   Next: 17%
Magic:  14/17      EV: 23    Int: 15    God:    Okawaru [****..]
Gold:   717        SH:  0    Dex: 24    Spells: 10/10 levels left

rFire   . . .        Y - +4 longbow (freeze)
rCold   . . .        (shield currently unavailable)
rNeg    . . .        u - +0 troll leather armour
rPois   +            b - +2 helmet
rElec   .            m - +1 cloak
rCorr   .            k - +1 pair of gloves
SInv    .            (no boots)
Will    +....        e - amulet of the acrobat
Stlth   ++++         n - ring of poison resistance
HPRegen 1.10/turn    o - +6 ring of dexterity
MPRegen 0.15/turn

%: acrobat
@: about to teleport, heroic
A: no striking features
a: Renounce Religion, Heroism, Finesse


You were on level 11 of the Dungeon.
You worshipped Okawaru.
Okawaru was greatly pleased with you.
You visited 2 branches of the dungeon, and saw 12 of its levels.

You collected 717 gold pieces.


   Skills:
 + Level 4.9(9.9) Fighting
 - Level 18.0(23.0) Ranged Weapons
 - Level 2.0(7.0) Armour
 - Level 9.0(14.0) Dodging
 - Level 1.2(6.2) Stealth
 + Level 5.5 Invocations


You had 10 spell levels left.
You didn't know any spells.
Your spell library was empty.

Inventory:

Hand Weapons
 Y - a +4 longbow of freezing (weapon)
Armour
 b - a +2 helmet (worn)
 k - a +1 pair of gloves (worn)
 m - a +1 cloak (worn)
 u - a +0 troll leather armour (worn)
Jewellery
 e - an amulet of the acrobat (around neck)
 i - a ring of ice
 n - a ring of poison resistance (left hand)
 o - a +6 ring of dexterity (right hand)
 p - a ring of willpower
 q - a +6 ring of strength
Scrolls
 f - 5 scrolls of teleportation
 g - a scroll of identify
Potions
 a - 2 potions of enlightenment
 d - 2 potions of might
 j - 2 potions of curing
 l - a potion of cancellation
 r - a potion of mutation
 s - a potion of haste {unknown}
 t - a potion of resistance {unknown}

Dungeon Overview and Level Annotations

Branches:
Dungeon (11/15)            Temple (1/1) D:5            Lair (0/5) D:11
    Orc: D:9-12

Altars:
Ashenzari
Cheibriados
Dithmenos
Elyvilon
Fedhas
Gozag
Hepliaklqana
Kikubaaqudgha
Makhleb
Nemelex Xobeh
Okawaru
Qazlal
Ru
Sif Muna
Trog
Uskayaw
Vehumet
Wu Jian
Xom
Yredelemnul
Zin
The Shining One

Annotations:
D:11 Lodul


Message History

The polar bear completely misses you. The polar bear closely misses you. x2
The ice beast barely misses you. The wolf barely misses you.
You shoot an arrow. The arrow hits the polar bear.
The arrow freezes the polar bear.
The polar bear is severely wounded.
The wolf bites you but does no damage. The ice beast closely misses you.
A two-headed ogre comes into view.
It is wielding a +0 giant spiked club and a +0 giant club.
The polar bear goes berserk!
The ice beast barely misses you.
You shoot an arrow. The arrow hits the polar bear!
The arrow freezes the polar bear.
The polar bear is almost dead.
You feel like a meek peon again. The wolf closely misses you.
The polar bear bites you.
The polar bear completely misses you. x2
8424 ||| INVOKING Heroism.
You gain the combat prowess of a mighty hero.
The wolf misses you.
The ice beast hits you but does no damage.
The two-headed ogre barely misses you.
The two-headed ogre hits you with a +0 giant club!
The ice beast barely misses you.
The polar bear bites you but does no damage.
The polar bear completely misses you. The polar bear misses you.
The wolf misses you.
8425 ||| READING 6 scrolls of teleportation.
As you read the scroll of teleportation, it crumbles to dust.
You feel strangely unstable. The polar bear bites you!
The polar bear claws you but does no damage.
The polar bear completely misses you. The wolf misses you.
The ice beast misses you. The ice beast closely misses you.
The two-headed ogre barely misses you.
The two-headed ogre completely misses you.
The polar bear completely misses you. x3; The wolf barely misses you.
You shoot an arrow. The arrow hits the polar bear.
The polar bear is almost dead.
The ice beast completely misses you. The ice beast barely misses you.
The polar bear closely misses you. The polar bear barely misses you.
The polar bear claws you.
You die...

..## .....##
..........# .#
......... ~..
./#.#.O ....
..... .....
.y.# .
......#YO##....
#h@h..#
#..%Y.#....
.....>..... .
....#..........
... .#...#...#.
.. .##...#.....
. .# #...# #...
.. ..... ...


You could see 2 two-headed ogres, a polar bear (berserk), a hornet, 2 ice beasts
and a wolf.

Vanquished Creatures
  A boulder beetle (D:11)
  Pikel (D:6)
  A rime drake (D:11)
  A polar bear (D:11)
  2 trolls (D:10)
  A shadow (D:10)
  11 yaks
  2 wyverns (D:8)
  2 steam dragons (D:10)
  Menkaure (D:5)
  An acid dragon (D:9)
  2 water moccasins
  An orc warrior (D:9)
  7 ice beasts
  2 sky beasts
  3 black bears
  2 ogres
  2 centaurs
  An elf zombie (D:5)
  2 bullfrogs
  A gnoll sergeant (D:9)
  2 elf skeletons (D:5)
  4 scorpions
  14 wights
  5 killer bees (D:9)
  9 howler monkeys
  3 hounds
  A jelly (D:7)
  A gnoll bouda (D:9)
  6 orc priests
  2 iguanas (D:5)
  A sleepcap (D:6)
  8 orc wizards
  7 adders
  13 gnolls
  2 shadow imps
  2 ufetubi (D:6)
  2 worms
  3 dart slugs
  53 orcs
  5 endoplasms
  4 giant cockroaches
  10 goblins
  7 hobgoblins
  3 jackals (D:1)
  3 quokkas
  4 ball pythons
  7 bats
  2 frilled lizards
  3 kobolds
  3 orc skeletons (D:5)
  9 rats
245 creatures vanquished.

Notes
Turn   | Place    | Note
-------+----------+-------------------------------------------
     0 | D:1      | qw the Deep Elf Hunter began the quest for the Orb.
     0 | D:1      | Reached XP level 1. HP: 12/12 MP: 3/3
     0 | D:1      | 0 ||| qw: Version: 0.3-a-22-g0ed2b0b
     0 | D:1      | 0 ||| qw: Game counter: 5812
     0 | D:1      | 0 ||| qw: Melee chars always use a shield: true
     0 | D:1      | 0 ||| qw: God list: Okawaru
     0 | D:1      | 0 ||| qw: Allow faded altars: false
     0 | D:1      | 0 ||| qw: Do Orc after clearing Dungeon:15 true
     0 | D:1      | 0 ||| qw: Do second Lair branch before Depths: true
     0 | D:1      | 0 ||| qw: Lair rune preference: random
     0 | D:1      | 0 ||| qw: Goals: Normal
     0 | D:1      | 0 ||| PLANNING D:1-11
   192 | D:1      | Reached XP level 2. HP: 16/16 MP: 4/4
   215 | D:1      | Reached skill level 6 in Ranged Weapons
   353 | D:1      | 353 ||| FLEEEEING.
   561 | D:1      | Reached XP level 3. HP: 20/20 MP: 5/5
   580 | D:1      | 580 ||| UPGRADING to +0 ring mail.
   590 | D:1      | 590 ||| DROPPING +0 leather armour.
   591 | D:1      | 591 ||| DROPPING +6 ring of intelligence.
   592 | D:1      | 592 ||| READING scroll labelled GUMPA LOURE.
   593 | D:1      | 593 ||| READING 2 scrolls labelled LUKHLA KUOTIONG.
   594 | D:1      | 594 ||| READING scroll labelled ACYFUH DAELYO.
   695 | D:1      | 695 ||| DRINKING 2 viscous dark potions.
   696 | D:1      | 696 ||| DROPPING scroll of butterflies.
   911 | D:2      | Reached skill level 7 in Ranged Weapons
  1015 | D:2      | Found a faded altar of an unknown god.
  1265 | D:2      | 1265 ||| READING 2 scrolls labelled QAOJIKEZAE.
  1266 | D:2      | 1266 ||| READING scroll of enchant armour.
  1266 | D:2      | 1266 ||| ENCHANTING +0 ring mail.
  1267 | D:2      | 1267 ||| READING scroll labelled NUCLENTALOXE.
  1268 | D:2      | 1268 ||| READING scroll labelled MUOS ISYUTUOLE.
  1272 | D:2      | 1272 ||| READING 4 scrolls of identify.
  1272 | D:2      | 1272 ||| IDENTIFYING bubbling purple potion
  1273 | D:2      | 1273 ||| READING 3 scrolls of identify.
  1273 | D:2      | 1273 ||| IDENTIFYING viscous puce potion
  1274 | D:2      | 1274 ||| DROPPING potion of magic.
  1322 | D:3      | Reached XP level 4. HP: 25/25 MP: 6/6
  1391 | D:3      | Found a stormy altar of Qazlal.
  1595 | D:3      | 1595 ||| READING 2 scrolls labelled VOIMUY YRGHANYR.
  1596 | D:3      | 1596 ||| READING scroll of enchant weapon.
  1596 | D:3      | 1596 ||| ENCHANTING +1 shortbow.
  1597 | D:3      | 1597 ||| READING scroll labelled ITRYME BIUM.
  1597 | D:3      | Identified a scroll of acquirement
  1597 | D:3      | 1597 ||| ACQUIRING +1 longbow of flaming
  1597 | D:3      | Acquired a +1 longbow of flaming
  1599 | D:3      | 1599 ||| SWAPPING to +1 longbow of flaming.
  1600 | D:3      | 1600 ||| DROPPING +2 shortbow.
  1601 | D:3      | 1601 ||| READING scroll labelled YTUIGU SUBBU.
  1602 | D:3      | 1602 ||| READING 3 scrolls of identify.
  1602 | D:3      | 1602 ||| IDENTIFYING sedimented brown potion
  1603 | D:3      | 1603 ||| DROPPING potion of ambrosia.
  1627 | D:4      | Reached skill level 8 in Ranged Weapons
  1760 | D:4      | Reached XP level 5. HP: 29/29 MP: 7/7
  1774 | D:4      | 1774 ||| STAIRDANCE
  1806 | D:3      | 1806 ||| READING scroll labelled WILOCEDACA.
  1807 | D:3      | 1807 ||| READING scroll labelled USKAUR SOESTRUE.
  1829 | D:4      | Reached skill level 9 in Ranged Weapons
  1897 | D:4      | Reached XP level 6. HP: 35/35 MP: 8/8
  1910 | D:4      | Noticed an ice beast
  1916 | D:4      | Killed an ice beast
  1917 | D:4      | Reached skill level 10 in Ranged Weapons
  2080 | D:4      | Reached skill level 3 in Dodging
  2322 | D:4      | Found a burning altar of Makhleb.
  2455 | D:4      | 2455 ||| UPGRADING to +2 helmet.
  2463 | D:4      | 2463 ||| UPGRADING to amulet of the acrobat.
  2474 | D:4      | 2474 ||| READING 2 scrolls of identify.
  2474 | D:4      | 2474 ||| IDENTIFYING orange potion
  2514 | D:5      | Entered Level 5 of the Dungeon
  2515 | D:5      | 2515 ||| PLANNING OSSUARY
  2577 | D:5      | Reached XP level 7. HP: 40/40 MP: 9/9
  2596 | D:5      | Reached skill level 1 in Armour
  2775 | D:5      | Reached skill level 11 in Ranged Weapons
  2884 | D:5      | Found an ancient bone altar of Kikubaaqudgha.
  2973 | D:5      | 2973 ||| Stepping ~*~*~tactically~*~*~ (outnumbered).
  3006 | D:5      | Noticed Menkaure
  3012 | D:5      | 3012 ||| FLEEEEING.
  3013 | D:5      | 3013 ||| FLEEEEING.
  3014 | D:5      | 3014 ||| FLEEEEING.
  3015 | D:5      | 3015 ||| FLEEEEING.
  3016 | D:5      | 3016 ||| FLEEEEING.
  3017 | D:5      | 3017 ||| FLEEEEING.
  3018 | D:5      | 3018 ||| FLEEEEING.
  3019 | D:5      | 3019 ||| FLEEEEING.
  3020 | D:5      | 3020 ||| FLEEEEING.
  3021 | D:5      | 3021 ||| FLEEEEING.
  3094 | D:5      | Killed Menkaure
  3137 | D:5      | Found a hide-covered altar of Uskayaw.
  3176 | D:5      | 3176 ||| RIP OSSUARY
  3177 | D:5      | 3177 ||| PLANNING D:1-11
  3178 | D:5      | Reached skill level 12 in Ranged Weapons
  3178 | D:5      | Reached XP level 8. HP: 39/44 MP: 10/10
  3302 | D:5      | Found a staircase to the Ecumenical Temple.
  3303 | D:5      | 3303 ||| PLANNING TEMPLE
  3308 | Temple   | Entered the Ecumenical Temple
  3309 | Temple   | 3309 ||| PLANNING OKAWARU WORSHIP
  3505 | Temple   | Became a worshipper of Warmaster Okawaru
  3506 | Temple   | 3506 ||| PLANNING D:1-11
  3588 | D:5      | 3588 ||| READING scroll of enchant armour.
  3588 | D:5      | 3588 ||| ENCHANTING +1 ring mail.
  3903 | D:6      | Reached skill level 3 in Fighting
  3976 | D:6      | Reached skill level 13 in Ranged Weapons
  4110 | D:6      | Reached * piety under Okawaru
  4121 | D:6      | 4121 ||| READING 3 scrolls of enchant weapon.
  4121 | D:6      | 4121 ||| ENCHANTING +1 longbow of flaming.
  4122 | D:6      | 4122 ||| READING 2 scrolls of enchant weapon.
  4122 | D:6      | 4122 ||| ENCHANTING +2 longbow of flaming.
  4123 | D:6      | 4123 ||| READING scroll of enchant weapon.
  4123 | D:6      | 4123 ||| ENCHANTING +3 longbow of flaming.
  4155 | D:6      | Noticed Pikel
  4156 | D:6      | 4156 ||| INVOKING Heroism.
  4157 | D:6      | 4157 ||| INVOKING Heroism.
  4158 | D:6      | Killed Pikel
  4159 | D:6      | Reached skill level 14 in Ranged Weapons
  4168 | D:6      | Reached XP level 9. HP: 50/50 MP: 9/11
  4220 | D:6      | Found a sparkling altar of Nemelex Xobeh.
  4222 | D:6      | 4222 ||| INVOKING Heroism.
  4228 | D:6      | Reached skill level 1 in Invocations
  4327 | D:6      | 4327 ||| INVOKING Heroism.
  4397 | D:6      | Found a broken altar of Ashenzari.
  4401 | D:6      | Saw a vision of the Shoals and the Spider Nest.
  4401 | D:6      | Noticed a merfolk
  4401 | D:6      | Noticed a merfolk siren
  4401 | D:6      | Noticed a water nymph
  4401 | D:6      | Noticed a merfolk
  4401 | D:6      | Noticed a wind drake
  4401 | D:6      | Noticed a water nymph
  4401 | D:6      | Noticed a merfolk impaler
  4401 | D:6      | Noticed a spark wasp
  4401 | D:6      | Noticed a pharaoh ant
  4401 | D:6      | Noticed an emperor scorpion
  4402 | D:6      | Noticed a manticore
  4402 | D:6      | Noticed a steelbarb worm
  4402 | D:6      | Noticed a spark wasp
  4402 | D:6      | Noticed a wolf spider
  4403 | D:6      | Noticed a demonic crawler
  4572 | D:6      | 4572 ||| UPGRADING to +0 cloak.
  4577 | D:6      | 4577 ||| UPGRADING to ring of poison resistance.
  4578 | D:6      | 4578 ||| UPGRADING to +6 ring of dexterity.
  4579 | D:6      | 4579 ||| READING 2 scrolls labelled FIDO PIMAMN.
  4580 | D:6      | 4580 ||| READING 3 scrolls of identify.
  4580 | D:6      | 4580 ||| IDENTIFYING ruby potion
  4581 | D:6      | 4581 ||| READING 2 scrolls of identify.
  4581 | D:6      | 4581 ||| IDENTIFYING fuming green potion
  4582 | D:6      | 4582 ||| DROPPING potion of lignification.
  4583 | D:6      | 4583 ||| DROPPING scroll of noise.
  4749 | D:7      | Reached skill level 3 in Invocations
  4827 | D:7      | Found a white marble altar of Elyvilon.
  4827 | D:7      | Found a glowing silver altar of Zin.
  4827 | D:7      | Found a glowing golden altar of the Shining One.
  4889 | D:7      | 4889 ||| INVOKING Heroism.
  4937 | D:7      | Reached skill level 6 in Dodging
  4961 | D:7      | 4961 ||| READING scroll of enchant armour.
  4961 | D:7      | 4961 ||| ENCHANTING +0 cloak.
  5351 | D:7      | 5351 ||| UPGRADING to +0 pair of gloves.
  5356 | D:7      | 5356 ||| READING 2 scrolls of identify.
  5356 | D:7      | 5356 ||| IDENTIFYING white potion
  5391 | D:8      | Reached ** piety under Okawaru
  5392 | D:8      | Reached skill level 15 in Ranged Weapons
  5652 | D:8      | Found a snail-covered altar of Cheibriados.
  5805 | D:8      | 5805 ||| READING scroll of enchant armour.
  5805 | D:8      | 5805 ||| ENCHANTING +0 pair of gloves.
  5884 | D:8      | Found a radiant altar of Vehumet.
  5893 | D:8      | Found an ornate altar of the Wu Jian Council.
  5986 | D:8      | Found a hazy altar of Hepliaklqana.
  6025 | D:8      | Reached XP level 10. HP: 57/57 MP: 15/15
  6063 | D:8      | Found a sacrificial altar of Ru.
  6414 | D:8      | 6414 ||| READING scroll labelled QIEF YPSEUST.
  6555 | D:9      | 6555 ||| INVOKING Heroism.
  6608 | D:9      | Reached skill level 16 in Ranged Weapons
  6608 | D:9      | Reached *** piety under Okawaru
  6639 | D:9      | 6639 ||| Stepping ~*~*~tactically~*~*~ (outnumbered).
  6641 | D:9      | 6641 ||| Stepping ~*~*~tactically~*~*~ (outnumbered).
  6649 | D:9      | 6649 ||| INVOKING Heroism.
  6743 | D:9      | 6743 ||| INVOKING Heroism.
  6932 | D:9      | 6932 ||| INVOKING Heroism.
  7185 | D:9      | Reached skill level 17 in Ranged Weapons
  7276 | D:9      | 7276 ||| FLEEEEING.
  7277 | D:9      | 7277 ||| FLEEEEING.
  7282 | D:9      | 7282 ||| FLEEEEING.
  7283 | D:9      | 7283 ||| FLEEEEING.
  7284 | D:9      | 7284 ||| FLEEEEING.
  7285 | D:9      | 7285 ||| FLEEEEING.
  7286 | D:9      | 7286 ||| FLEEEEING.
  7288 | D:9      | 7288 ||| FLEEEEING.
  7289 | D:9      | 7289 ||| FLEEEEING.
  7290 | D:9      | 7290 ||| FLEEEEING.
  7291 | D:9      | 7291 ||| FLEEEEING.
  7292 | D:9      | 7292 ||| FLEEEEING.
  7293 | D:9      | 7293 ||| FLEEEEING.
  7294 | D:9      | 7294 ||| FLEEEEING.
  7295 | D:9      | 7295 ||| FLEEEEING.
  7297 | D:9      | 7297 ||| FLEEEEING.
  7298 | D:9      | 7298 ||| FLEEEEING.
  7301 | D:9      | 7301 ||| FLEEEEING.
  7302 | D:9      | 7302 ||| FLEEEEING.
  7303 | D:9      | 7303 ||| FLEEEEING.
  7304 | D:9      | 7304 ||| FLEEEEING.
  7305 | D:9      | 7305 ||| FLEEEEING.
  7306 | D:9      | 7306 ||| FLEEEEING.
  7307 | D:9      | 7307 ||| FLEEEEING.
  7308 | D:9      | 7308 ||| FLEEEEING.
  7309 | D:9      | 7309 ||| FLEEEEING.
  7310 | D:9      | 7310 ||| FLEEEEING.
  7311 | D:9      | 7311 ||| FLEEEEING.
  7625 | D:9      | 7625 ||| READING 3 scrolls of identify.
  7625 | D:9      | 7625 ||| IDENTIFYING red potion
  7626 | D:9      | 7626 ||| READING 2 scrolls of identify.
  7626 | D:9      | 7626 ||| IDENTIFYING coppery potion
  7627 | D:9      | 7627 ||| DROPPING potion of berserk rage.
  7635 | D:10     | Entered Level 10 of the Dungeon
  7643 | D:10     | Found a shadowy altar of Dithmenos.
  7699 | D:10     | 7699 ||| INVOKING Heroism.
  7810 | D:10     | 7810 ||| INVOKING Heroism.
  7813 | D:10     | Reached skill level 18 in Ranged Weapons
  7902 | D:10     | 7902 ||| INVOKING Heroism.
  7956 | D:10     | Reached **** piety under Okawaru
  8033 | D:10     | 8033 ||| INVOKING Heroism.
  8067 | D:10     | 8067 ||| INVOKING Heroism.
  8146 | D:10     | Found a basalt altar of Yredelemnul.
  8251 | D:10     | Reached XP level 11. HP: 57/62 MP: 16/16
  8353 | D:10     | 8353 ||| UPGRADING to +0 troll leather armour.
  8363 | D:10     | 8363 ||| DROPPING +2 ring mail.
  8384 | D:11     | Noticed a boulder beetle
  8385 | D:11     | 8385 ||| INVOKING Heroism.
  8389 | D:11     | Killed a boulder beetle
  8398 | D:11     | Noticed Lodul
  8404 | D:11     | 8404 ||| INVOKING Heroism.
  8406 | D:11     | HP: 13/62 [Lodul/bolt of lightning (28)]
  8407 | D:11     | 8407 ||| READING 7 scrolls of teleportation.
  8408 | D:11     | 8408 ||| DRINKING potion of heal wounds.
  8409 | D:11     | 8409 ||| Stepping ~*~*~tactically~*~*~ (outnumbered).
  8409 | D:11     | Found a staircase to the Lair.
  8414 | D:11     | Reached skill level 9 in Dodging
  8414 | D:11     | Noticed a two-headed ogre
  8422 | D:11     | Noticed a two-headed ogre
  8424 | D:11     | 8424 ||| INVOKING Heroism.
  8424 | D:11     | HP: 14/62 [two-headed ogre/+0 giant club (9)]
  8425 | D:11     | 8425 ||| READING 6 scrolls of teleportation.
  8425 | D:11     | HP: 3/62 [polar bear (12)]
  8426 | D:11     | Slain by a polar bear

Levels and vault maps discovered:
D:1:      psy_arrival_dodecagon, layout_loops_ring
D:2:      layout_basic, chequers_ecumenical_altar_simple
D:3:      layout_rooms, nicolae_qazlal_general_emergency,
          minmay_misc_feat_pillars
D:4:      layout_loops_ring, lightli_temple_of_fire
D:5:      layout_basic, mainiacjoe_overflow_catwalk,
          mainiacjoe_overflow_concentric_impassable, minmay_temple_entry_fiery,
          nicolae_ossuary_entry_catacombs, uniq_menkaure
D:6:      layout_loops_cross, kennysheep_little_box, grunt_ashenzari_visionary
          [grunt_ashenzari_visionary_shoals, grunt_ashenzari_visionary_spider],
          uniq_pikel
D:7:      layout_loops_cross, good_gods_mini_temple
D:8:      layout_basic, kennysheep_slug_shrine, nicolae_ru_sacrificial_ziggurat,
          nicolae_hepliaklqana_hippocampus, mainiacjoe_overflow_swirl,
          minmay_misc_feat_roman
D:9:      layout_loops_corners
D:10:     layout_roguey, lemuel_doored_altar, kennysheep_mini, special_room
          [special_room_orc]
D:11:     cheibrodos_grave_circle, layout_basic, hellmonk_lair_entry_icy,
          gammafunk_ghost_arena, serial_shops, shop,
          hangedman_abyss_or_decor_lesser_grid, uniq_lodul
Temple:   nicolae_temple_bog_church

Skill      XL: |  1  2  3  4  5  6  7  8  9 10 11 |
---------------+----------------------------------+-----
Ranged Weapons | 6 7 8 9 10 12 14 15 18 | 18.0
Fighting       | 2 3 4 |  4.9
Dodging        | 3 4 7 8 9 |  9.0
Armour         | 1 2 |  2.0
Invocations    | 4 5 |  5.5
Stealth        | |  1.2

Action                     |  1- 3 |  4- 6 |  7- 9 | 10-12 || total
---------------------------+-------+-------+-------+-------++-------
   Fire: Shortbow          |   131 |    23 |       |       ||   154
         Longbow           |       |    79 |   208 |   192 ||   479
 Invoke: Heroism           |       |       |     4 |    12 ||    16
    Use: Scroll            |     9 |     8 |    10 |     5 ||    32
         Potion            |     1 |       |       |     1 ||     2
 Armour: Leather armour    |     8 |       |       |       ||     8
         Ring mail         |     8 |    15 |    22 |    13 ||    58
         Troll leather arm |       |       |       |    11 ||    11
  Dodge: Dodged            |    40 |    34 |    47 |    93 ||   214

Table legend:
 A = Non-vault XP
 B = Vault XP
 C = Vault XP percentage of total XP
 D = Non-vault monster count
 E = Vault monster count
 F = Vault count percentage of total count
                 A         B        C        D         E       F
            +---------+---------+-------+---------+---------+-------
      Total |   10674 |    2222 |  17.2 |     206 |      39 |  15.9
            +---------+---------+-------+---------+---------+-------
        D:1 |      41 |       0 |   0.0 |      28 |       0 |   0.0
        D:2 |      40 |       0 |   0.0 |      14 |       0 |   0.0
        D:3 |      33 |       0 |   0.0 |      11 |       0 |   0.0
        D:4 |     581 |       0 |   0.0 |      24 |       0 |   0.0
        D:5 |     481 |     440 |  47.8 |      18 |       7 |  28.0
        D:6 |     956 |     607 |  38.8 |      24 |       1 |   4.0
        D:7 |     752 |       0 |   0.0 |      16 |       0 |   0.0
        D:8 |    1820 |       4 |   0.2 |      22 |       1 |   4.3
        D:9 |    2198 |       0 |   0.0 |      33 |       0 |   0.0
       D:10 |    2940 |     112 |   3.7 |      15 |      24 |  61.5
       D:11 |     832 |    1059 |  56.0 |       1 |       6 |  85.7
            +---------+---------+-------+---------+---------+-------
